 Dungeon Sprint DCSS version 0.22.1-2-g9c5b331 (webtiles) character file.

206 diana the Spear-Bearer (level 5, -1/47 HPs)
             Began as a Merfolk Gladiator on Dec 4, 2018.
             Was an Initiate of Okawaru.
             Killed from afar by a gargoyle (25 damage)
             ... with a stone arrow
             ... in the Dungeon (Sprint IX: "|||||||||||||||||||||||||||||").
             The game lasted 00:01:24 (719 turns).

diana the Spear-Bearer (Merfolk Gladiator)           Turns: 719, Time: 00:01:26

Health: -1/47      AC:  3    Str: 15    XL:     5   Next: 84%
Magic:  5/6        EV:  9    Int: 10    God:    Okawaru [......]
Gold:   0          SH:  0    Dex: 16    Spells: 4/4 levels left

rFire    . . .     SeeInvis .   a - +0 trident
rCold    . . .     Gourm    .   (no shield)
rNeg     . . .     Faith    .   r - +0 plate armour
rPois    .         Spirit   .   s - +0 helmet
rElec    .         Reflect  .   (no cloak)
rCorr    .         Harm     .   (no gloves)
MR       .....     NoTele   +   (no boots)
Stlth    ..........             (no amulet)
HPRegen  0.15/turn              p - +3 ring of intelligence
MPRegen  0.10/turn              q - +2 ring of evasion

@: lethally poisoned (-1 -> -2), corroded
A: change form in water, swift swim, stealthy swim
a: Renounce Religion


You were in the Dungeon.
You worshipped Okawaru.
Okawaru was noncommittal.
You were not hungry.

You visited 1 branch

Inventory:

Hand Weapons
 a - a +0 trident (weapon)
 t - a +2 halberd of protection
Missiles
 d - 3 throwing nets (quivered)
Armour
 b - a +0 leather armour
 c - a +0 helmet
 r - a +0 plate armour (worn)
 s - a +0 helmet (worn)
Jewellery
 p - a +3 ring of intelligence (left hand)
 q - a +2 ring of evasion (right hand)
Wands
 o - a wand of acid (10)
Scrolls
 k - 2 scrolls of blinking
 m - 3 scrolls of remove curse
 n - 2 scrolls of amnesia
Potions
 e - 5 potions of curing
 g - 3 potions of heal wounds
 h - a potion of haste
 i - 4 potions of magic
 j - a potion of berserk rage
 l - a potion of invisibility
Comestibles
 f - a ration


   Skills:
 + Level 6.4 Fighting
 * Level 11.6 Polearms
 - Level 2.0 Throwing
 + Level 1.6 Armour
 + Level 8.2 Dodging
 + Level 2.3 Invocations


You had 4 spell levels left.
You didn't know any spells.
Your spell library was empty.

Dungeon Overview and Level Annotations

Branches:
Dungeon (1/1)

Altars:
Cheibriados
Dithmenos
Elyvilon
Fedhas
Gozag
Hepliaklqana
Kikubaaqudgha
Makhleb
Nemelex Xobeh
Okawaru
Qazlal
Ru
Sif Muna
Trog
Uskayaw
Vehumet
Wu Jian
Xom
Yredelemnul
Zin
The Shining One
Beogh
Jiyva
Lugonu


Message History

The jelly hits you but does no damage.
You hit the jelly. The acid corrodes you!
Your hands burn!
The jelly is severely wounded.
You feel sick.
The yak snorts and paws the ground.
You are too injured to fight recklessly!
You are too injured to fight recklessly!
You are too injured to fight recklessly!
You are too injured to fight recklessly!
You are too injured to fight recklessly!
You are too injured to fight recklessly!
You are too injured to fight recklessly!
You puncture the jelly!
You kill the jelly!
Okawaru accepts your kill.
Your Invocations skill increases to level 2!
The gargoyle hurls a stone arrow at you.
The stone arrow hits you!
Ouch! That really hurt!
You die... ▓▓▓▓▓▓▓▓▓▓▓▓▓▓▓▓▓▓▓▓▓▓▓▓ ...Yl9†@..[.)|..'_______ ▓▓▓▓▓▓▓▓▓▓▓▓▓▓▓▓▓▓▓▓▓▓▓▓

You could see a yak, a wyvern and a gargoyle.

Vanquished Creatures
  A killer bee (D)
  A crimson imp (D)
  2 jellies (D)
  2 worker ants (D)
  A gnoll (D)
  A leopard gecko (D)
  2 ball pythons (D)
  2 bats (D)
  A kobold (D)
13 creatures vanquished.

Notes
Turn   | Place    | Note
-------+----------+-------------------------------------------
     0 | D        | diana the Merfolk Gladiator began the quest for the Orb.
     0 | D        | Reached XP level 1. HP: 16/16 MP: 1/1
     5 | D        | Reached skill level 5 in Polearms
    19 | D        | Reached skill level 6 in Polearms
    19 | D        | Reached skill level 5 in Dodging
    19 | D        | Reached XP level 2. HP: 4/24 MP: 2/2
   301 | D        | Noticed a crimson imp
   308 | D        | Reached skill level 7 in Polearms
   308 | D        | Reached XP level 3. HP: 29/30 MP: 3/3
   311 | D        | Reached skill level 9 in Polearms
   311 | D        | Reached XP level 4. HP: 29/38 MP: 4/4
   317 | D        | Reached skill level 5 in Fighting
   336 | D        | Reached skill level 10 in Polearms
   336 | D        | Reached XP level 5. HP: 19/46 MP: 5/5
   517 | D        | Found a roughly hewn altar of Beogh.
   517 | D        | Found a snail-covered altar of Cheibriados.
   517 | D        | Found a shadowy altar of Dithmenos.
   517 | D        | Found a white marble altar of Elyvilon.
   517 | D        | Found a blossoming altar of Fedhas.
   517 | D        | Found an opulent altar of Gozag.
   518 | D        | Found a hazy altar of Hepliaklqana.
   519 | D        | Found a viscous altar of Jiyva.
   520 | D        | Found an ancient bone altar of Kikubaaqudgha.
   521 | D        | Found a corrupted altar of Lugonu.
   522 | D        | Found a burning altar of Makhleb.
   523 | D        | Found a sparkling altar of Nemelex Xobeh.
   524 | D        | Found an iron altar of Okawaru.
   525 | D        | Found a stormy altar of Qazlal.
   526 | D        | Found a sacrificial altar of Ru.
   527 | D        | Found a deep blue altar of Sif Muna.
   528 | D        | Found a bloodstained altar of Trog.
   529 | D        | Found a hide-covered altar of Uskayaw.
   530 | D        | Found a radiant altar of Vehumet.
   531 | D        | Found an ornate altar of the Wu Jian Council.
   532 | D        | Became a worshipper of Warmaster Okawaru
   533 | D        | Found a shimmering altar of Xom.
   534 | D        | Found a basalt altar of Yredelemnul.
   535 | D        | Found a glowing silver altar of Zin.
   536 | D        | Found a glowing golden altar of the Shining One.
   697 | D        | Noticed a yak
   697 | D        | Noticed a wyvern
   697 | D        | Noticed a gargoyle
   715 | D        | Reached skill level 11 in Polearms
   715 | D        | Reached skill level 1 in Armour
   715 | D        | Reached skill level 1 in Invocations
   719 | D        | Killed from afar by a gargoyle

Skill      XL: |  1  2  3  4  5 |
---------------+----------------+-----
Polearms       | 6 7 9 10 11 | 11.6
Fighting       | 3 4 5 6 |  6.4
Dodging        | 5 6 7 8 |  8.2
Armour         | 1 |  1.6
Invocations    | 2 |  2.3
Throwing       | |  2.0

Action                   |  1- 3 |  4- 6 || total
-------------------------+-------+-------++-------
Melee: Trident           |    31 |    45 ||    76
Armor: Leather armour    |     5 |     3 ||     8
       Plate armour      |       |    10 ||    10
Dodge: Dodged            |    22 |    21 ||    43
